Get step-by-step instructions on how to execute this build order below. Start the game timer, and the build order will tick by so you can play in parallel with StarCraft on a second screen or mobile device.

Game Time

  0:00

Last Step

  N/A

Next Step

Upcoming Step



Don't want to look back and forth between 2 screens? Try out our Overwolf App, the Spawning Tool Build Advisor to get an in-game overlay with this build!

Complete Build Order

  12  0:23  Pylon  
  12  0:24  Probe (Chrono Boost)  
  13  0:37  Probe (Chrono Boost)  
  14  0:48  Probe (Chrono Boost)  
  15  1:01  Probe (Chrono Boost)  
  15  1:02  Forge  
  16  1:18  Probe (Chrono Boost)  
  17  1:23  Pylon  
  17  1:49  Pylon  
  17  2:01  Assimilator  
  16  2:29  Photon Cannon  
  16  2:32  Pylon  
  16  3:01  Photon Cannon